 Dungeon Crawl Stone Soup version 0.29.1-15-g9cfb28693d (webtiles) character file.

Game seed: 2013789137147779529

163 DungeonHerbert the Magician (level 5, -9/35 HPs)
             Began as a Djinni Conjurer on Apr 17, 2023.
             Mangled by Duvessa
             ... wielding a +0 rapier
              (13 damage)
             ... on level 4 of the Dungeon.
             The game lasted 00:10:14 (3705 turns).

DungeonHerbert the Magician (Djinni Conjurer)       Turns: 3705, Time: 00:10:14

Health: -9/35      AC:  2    Str:  6    XL:     5   Next: 73%
Gold:   187        EV: 12    Int: 21    God:
                   SH:  0    Dex: 12

rFire   + + .      SeeInvis .   m - +0 dagger (protect)
rCold   x . .      Faith    .   (no shield)
rNeg    . . .      Spirit   .   a - +0 robe
rPois   ∞          Reflect  .   (no helmet)
rElec   .          Harm     .   (no cloak)
rCorr   .          Rampage  .   (no gloves)
Will    .....                   (boots unavailable)
Stlth   ++........              f - amulet of regeneration
HPRegen 0.91/turn               (no ring)
MPRegen 0.00/turn               (no ring)

@: flying
A: sickness immunity, fire resistance 2, cold vulnerability 1, float, innate
caster, HP casting, extra vitality 1
a: no special abilities


You were on level 4 of the Dungeon.
You visited 1 branch of the dungeon, and saw 4 of its levels.

You collected 187 gold pieces.

Inventory:

Hand Weapons
 c - a +0 short sword
 m - a +0 dagger of protection (weapon)
Armour
 a - a +0 robe (worn)
Jewellery
 f - an amulet of regeneration (around neck)
 j - a ring of ice
Scrolls
 b - a scroll of immolation
 h - a scroll of teleportation
Potions
 e - a potion of heal wounds
 k - a potion of might {unknown}
 l - a potion of cancellation {unknown}


   Skills:
 - Level 2.1 Dodging
 - Level 1.5 Stealth
 + Level 5.1 Spellcasting


You couldn't memorise any spells.
You knew the following spells:

 Your Spells              Type           Power      Damage    Failure   Level
a - Sandblast             Erth           54%        2d13      1%          1
b - Searing Ray           Conj           54%        2d6       1%          2
c - Iskenderun's Mystic   Conj/Tloc      27%        2d7       13%         4
d - Fulminant Prism       Conj/Hex       13%        3d9       13%         4
e - Dazzling Flash        Conj/Hex       54%        N/A       3%          3
f - Magic Dart            Conj           100%       1d8       1%          1
g - Poisonous Vapours     Pois/Air       54%        N/A       1%          2
Your spell library was empty.

Dungeon Overview and Level Annotations

Branches:
Dungeon (4/15)
 Temple: D:4-7

Altars:
Ru
Trog

Annotations:
D:4 Duvessa


Innate Abilities, Weirdness & Mutations

You are immune to sickness and miasma.
You are immune to poison.
Your flesh is very heat resistant. (rF++)
You are vulnerable to cold. (rC-)
You float through the air rather than walking.
You learn spells naturally, not from books.
Your magical power is your life essence.
You have superior vitality. (+4 MHP)


Message History

Aim: Duvessa, wielding a +0 rapier and wearing a +0 ring mail (berserk, very poisoned) Poisonous vapours surround Duvessa!
Duvessa looks as sick as possible!
Casting: Poisonous Vapours (safe; 1% risk of failure)
Confirm with . or Enter, or press ? or * to list all spells.
Aiming: Sandblast (safe; 1% risk of failure)
Press: ? - help, Shift-Dir - straight line, f/p - Duvessa
Aim: Duvessa, wielding a +0 rapier and wearing a +0 ring mail (lightly wounded, berserk, extremely poisoned, 87% to hit)
The blast of sand hits Duvessa!
Duvessa is moderately wounded.
You hear a shout!
Casting: Sandblast (safe; 1% risk of failure)
Confirm with . or Enter, or press ? or * to list all spells.
Aiming: Sandblast (safe; 1% risk of failure)
Press: ? - help, Shift-Dir - straight line, f/p - Duvessa
Aim: Duvessa, wielding a +0 rapier and wearing a +0 ring mail (moderately wounded, berserk, extremely poisoned, 87% to hit)
The blast of sand hits Duvessa but does no damage.
Duvessa is moderately wounded.
A goblin comes into view. It is wielding a +0 dagger.
Duvessa hits you with a +0 rapier!
You hear an angry hiss.
Casting: Sandblast (safe; 1% risk of failure)
Confirm with . or Enter, or press ? or * to list all spells.
Aiming: Sandblast (safe; 1% risk of failure)
Press: ? - help, Shift-Dir - straight line, f/p - Duvessa
Aim: Duvessa, wielding a +0 rapier and wearing a +0 ring mail (heavily wounded, berserk, extremely poisoned, 87% to hit)
The blast of sand hits Duvessa!
Duvessa is heavily wounded.
Duvessa hits you with a +0 rapier!
* * * LOW HITPOINT WARNING * * *
Duvessa closely misses you.
Casting: Sandblast (safe; 1% risk of failure)
Confirm with . or Enter, or press ? or * to list all spells.
Aiming: Sandblast (safe; 1% risk of failure)
Press: ? - help, Shift-Dir - straight line, f/p - Duvessa
Aim: Duvessa, wielding a +0 rapier and wearing a +0 ring mail (severely wounded, berserk, very poisoned, 87% to hit)
The blast of sand hits Duvessa but does no damage.
Duvessa is severely wounded.
* * * LOW HITPOINT WARNING * * *
Duvessa hits you with a +0 rapier!
You die...

#.........
#.........
###........#
.......g...#
##.........#
...........#
#.........#
##.........#
......e@.<##
......[####
.......
.......
.......
.......
.......
.......


You could see Duvessa (berserk, very poisoned) and a goblin.

Vanquished Creatures
  Dowan (D:4)
  An orc priest (D:3)
  An ufetubus (D:3)
  A worm (D:3)
  2 dart slugs (D:1)
  3 orcs (D:3)
  5 endoplasms
  5 giant cockroaches
  5 hobgoblins
  7 jackals (D:1)
  2 kobolds (D:1)
  3 quokkas
  6 ball pythons
  4 bats
  3 frilled lizards
  9 goblins
  6 rats
64 creatures vanquished.

Notes
Turn   | Place    | Note
-------+----------+-------------------------------------------
     0 | D:1      | DungeonHerbert the Djinni Conjurer began the quest for the
                  | Orb.
     0 | D:1      | DungeonHerbert set off with the following spells memorised:
                  | Magic Dart, Searing Ray, Dazzling Flash, Fulminant Prism,
                  | Iskenderun's Mystic Blast.
     0 | D:1      | Reached XP level 1. HP: 15/15 MP: 0/0
   328 | D:1      | Reached XP level 2. HP: 17/21 MP: 0/0
  1017 | D:1      | Reached XP level 3. HP: 22/25 MP: 0/0
  1017 | D:1      | Learned a level 1 spell: Sandblast
  1262 | D:1      | Reached skill level 4 in Spellcasting
  2191 | D:2      | Reached XP level 4. HP: 27/31 MP: 0/0
  2435 | D:2      | Found a faded altar of an unknown god.
  2900 | D:3      | Found a sacrificial altar of Ru.
  3035 | D:3      | Reached XP level 5. HP: 18/35 MP: 0/0
  3035 | D:3      | Learned a level 2 spell: Poisonous Vapours
  3388 | D:3      | Found a bloodstained altar of Trog.
  3676 | D:4      | Noticed Dowan
  3684 | D:4      | Killed Dowan
  3685 | D:4      | Reached skill level 5 in Spellcasting
  3699 | D:4      | Noticed Duvessa
  3705 | D:4      | Mangled by Duvessa

Illustrated notes

Levels and vault maps discovered:
D:1:      dpeg_arrival_morbid_curiosity, layout_basic
D:2:      layout_loops_ring, basic_ecumenical_altar
D:3:      layout_loops_cross, trog_butcher_becter, hangedman_ru_absence
D:4:      layout_basic, okawaru_altar_gauntlet_db, mainiacjoe_overflow_alcove_2,
          kennysheep_generic_room_4, uniq_duvessa, uniq_crazy_yiuf_cottage,
          uniq_eustachio, uniq_pikel

Skill      XL: |  1  2  3  4  5 |
---------------+----------------+-----
Spellcasting   | 4 5 |  5.1
Dodging        | |  2.1
Stealth        | |  1.5

Action                   |  1- 3 |  4- 6 || total
-------------------------+-------+-------++-------
 Cast: Magic Dart        |    77 |       ||    77
       Searing Ray       |     1 |     4 ||     5
       Sandblast         |       |    39 ||    39
       Poisonous Vapours |       |     9 ||     9
  Use: Scroll            |     5 |     3 ||     8
Armor: Robe              |     2 |     2 ||     4
Dodge: Dodged            |     9 |    12 ||    21
